 Dungeon Crawl Stone Soup version 0.21.1-1-g345015f (webtiles) character file.

128 suicidejoker the Skirmisher (level 5, 0/82 HPs)
             Began as an Ogre Fighter on Apr 24, 2018.
             Succumbed to a killer bee's poison
             ... on level 3 of the Dungeon.
             The game lasted 00:02:44 (1826 turns).

suicidejoker the Skirmisher (Ogre Fighter)          Turns: 1826, Time: 00:02:44

Health: 0/82       AC: 22    Str: 22 (25) XL:     5   Next: 12%
Magic:  5/5        EV:  1    Int:  6 (9)  God:
Gold:   77         SH:  8    Dex:  6 (9)  Spells: 4/4 levels left

rFire    + . .     SeeInvis .   (no weapon)
rCold    + . .     Gourm    .   c - +0 shield
rNeg     + + +     Faith    .   (armour currently unavailable)
rPois    +         Spirit   .   (helmet currently unavailable)
rElec    +         Reflect  .   (cloak currently unavailable)
rCorr    +         Harm     .   (gloves unavailable)
MR       .....     NoTele   +   (boots unavailable)
Stlth    +.........             (no amulet)
HPRegen  0.23/turn              (no ring)
MPRegen  0.09/turn              (no ring)

@: mighty, lethally poisoned (0 -> -12), tree-form, resistant, hasted, very
quick
A: large, unfitting armour
a: no special abilities


You were on level 3 of the Dungeon.
You were very hungry.
You were a tree.
You visited 1 branch of the dungeon, and saw 3 of its levels.

You collected 77 gold pieces.

Inventory:

Hand Weapons
 a - a +0 flail
 m - a +0 arbalest
Missiles
 e - 5 tomahawks (quivered)
 k - 4 stones
 r - 13 arrows
Armour
 b - a +0 robe (melded)
 c - a +0 shield (worn)
Scrolls
 g - 3 scrolls of remove curse {unknown}
 l - a scroll of random uselessness {unknown}
 n - a scroll of magic mapping {unknown}
 o - a scroll of identify {unknown}
 p - a scroll of blinking {unknown}
Potions
 d - 2 potions of might
 i - a potion of lignification
Comestibles
 f - 6 rations


   Skills:
 + Level 4.7 Fighting
 * Level 2.9 Maces & Flails
 + Level 1.5 Throwing
 + Level 1.0 Armour
 + Level 3.0 Dodging
 + Level 3.1 Shields


You had 4 spell levels left.
You didn't know any spells.

Dungeon Overview and Level Annotations

Branches:
Dungeon (3/15)

Altars:
Dithmenos
Qazlal
Ru


Innate Abilities, Weirdness & Mutations

You are too large for most types of armour.
((You have tough skin. (AC +1)))


Message History

Your +0 robe melds into your body.
Your roots penetrate the ground.
* * * LOW HITPOINT WARNING * * *
You feel sick. You block the killer bee's attack.
The killer bee stings you but does no damage.
It was a potion of resistance.
You feel protected.
* * * LOW HITPOINT WARNING * * *
You feel sick. You block the killer bee's attack.
The killer bee stings you but does no damage.
It was a potion of haste.
You feel yourself speed up.
* * * LOW HITPOINT WARNING * * *
You feel sick.
The killer bee stings you but does no damage.
You block the killer bee's attack.
Wield which item (- for none, * to show all)? (? for menu, Esc to quit)
You are now empty-handed.
The killer bee stings you but does no damage.
Really attack barehanded?
You closely miss the killer bee.
You die...

#. ...# #.# ...# #..
...# ###.##### ...#
.... ..# ...###.
#.###)# .l.'...
#..<#.####yg.####
#####+#.......♣yyK.....
#.........#.#####.#####
#.#.......#.# #
#.......#.# #.......#..
.........###
###########


You could see 3 killer bees, a hobgoblin, a kobold and a frilled lizard.

Vanquished Creatures
  A killer bee (D:3)
  2 adders
  2 oozes
  A worm (D:2)
  2 dart slugs (D:1)
  3 bats
  5 giant cockroaches
  7 goblins
  10 hobgoblins
  3 jackals (D:2)
  A ball python (D:1)
  5 frilled lizards
  2 kobolds
  8 rats
52 creatures vanquished.

Notes
Turn   | Place    | Note
-------+----------+-------------------------------------------
     0 | D:1      | suicidejoker the Ogre Fighter began the quest for the Orb.
     0 | D:1      | Reached XP level 1. HP: 24/24 MP: 1/1
    75 | D:1      | Reached XP level 2. HP: 28/32 MP: 2/2
   286 | D:1      | Reached XP level 3. HP: 17/39 MP: 3/3
  1024 | D:2      | Found a shadowy altar of Dithmenos.
  1039 | D:2      | Found a sacrificial altar of Ru.
  1040 | D:2      | Found a stormy altar of Qazlal.
  1065 | D:2      | Reached skill level 1 in Throwing
  1121 | D:2      | Reached XP level 4. HP: 37/49 MP: 4/4
  1819 | D:3      | Reached skill level 1 in Armour
  1819 | D:3      | Reached XP level 5. HP: 20/55 MP: 5/5
  1823 | D:3      | HP: 3/82 [poisoned by a killer bee]
  1824 | D:3      | HP: 1/82 [poisoned by a killer bee]
  1826 | D:3      | Succumbed to a killer bee's poison

Skill      XL: |  1  2  3  4 |
---------------+-------------+-----
Maces & Flails | 2 |  2.9
Throwing       | 1 |  1.5
Shields        | 3 |  3.1
Armour         | 1 |  1.0
Dodging        | 3 |  3.0
Fighting       | |  4.7

Action                   |  1- 3 |  4- 6 || total
-------------------------+-------+-------++-------
Melee: Flail             |   111 |    51 ||   162
       Unarmed           |       |     1 ||     1
  Use: Potion            |       |     5 ||     5
  Eat: Chunk             |     1 |     1 ||     2
Armor: Robe              |    22 |    10 ||    32
       Skin              |       |     4 ||     4
Dodge: Dodged            |    37 |    18 ||    55
Block: Shield            |    54 |    31 ||    85
